 Dungeon Crawl Stone Soup version 0.30-a0-737-gf23d94013f (webtiles) character file.

Game seed: 14542496138687201211

21 Dittersdorf the Trooper (level 2, -2/19 HPs)
             Began as a Gargoyle Fighter on Feb 1, 2023.
             Slain by Natasha (3 damage)
             ... on level 2 of the Dungeon.
             The game lasted 00:00:47 (1098 turns).

Dittersdorf the Trooper (Gargoyle Fighter)          Turns: 1098, Time: 00:00:48

Health: -2/19      AC: 12    Str: 19    XL:     2   Next: 87%
Magic:  2/2        EV:  7    Int:  8    God:
Gold:   67         SH:  4    Dex:  9    Spells: 1/1 levels left

rFire   . . .      SeeInvis .    a - +0 flail
rCold   . . .      Faith    .    c - +0 buckler
rNeg    + . .      Spirit   .    f - +0 chain mail
rPois   ∞          Reflect  .    (no helmet)
rElec   +          Harm     .    (no cloak)
rCorr   .          Rampage  .    (no gloves)
Will    .....                    (no boots) Stlth
                                 (no amulet)
HPRegen 0.23/turn                (no ring)
MPRegen 0.08/turn                (no ring)

@: no status effects
A: sickness immunity, AC +2, negative energy resistance 1, electricity
resistance, torment resistance 1, petrification resistance
a: no special abilities


You were on level 2 of the Dungeon.
You visited 1 branch of the dungeon, and saw 2 of its levels.

You collected 67 gold pieces.

Inventory:

Hand Weapons
 a - a +0 flail (weapon)
Armour
 c - a +0 buckler (worn)
 f - a +0 chain mail (worn)
Scrolls
 e - 3 scrolls of identify {unknown}
 h - 2 scrolls of poison {unknown}
 l - a scroll of amnesia {unknown}
Potions
 b - 2 potions of heal wounds {unknown}
 d - a potion of might
 g - a potion of attraction {unknown}
 i - a potion of lignification {unknown}
 j - a potion of degeneration {unknown}
 k - 2 potions of berserk rage {unknown}


   Skills:
 + Level 3.6 Fighting
 + Level 2.3 Maces & Flails
 + Level 3.6 Armour
 + Level 3.5 Shields


You had one spell level left.
You didn't know any spells.
Your spell library contained the following spells:

 Spells                   Type           Power      Damage    Failure   Level
 Magic Dart               Conj           0%         1d3       100%        1
 Call Imp                 Summ           0%         N/A       100%        2
 Mephitic Cloud           Conj/Pois/Air  0%         N/A       100%        3


Dungeon Overview and Level Annotations

Branches:
Dungeon (2/15)

Altars:

Shops:
D:2 :

Annotations:
D:2 Natasha


Innate Abilities, Weirdness & Mutations

You are immune to sickness and miasma.
Your stone body is resilient. (AC +2)
You are immune to poison.
You resist negative energy. (rN+)
You are resistant to electric shocks. (rElec)
You are resistant to unholy torment.
You are immune to petrification.


Message History

Natasha claws you but does no damage.
The crimson imp hits you but does no damage.
You hit the crimson imp.
The crimson imp is severely wounded.
The crimson imp disappears in a puff of smoke!
The frilled lizard completely misses you.
The shadow imp closely misses you. Natasha claws you but does no damage.
The rat bites you. The frilled lizard barely misses you.
You block the shadow imp's attack.
You hit the shadow imp.
The shadow imp is moderately wounded.
The shadow imp disappears in a puff of smoke!
Natasha claws you.
The frilled lizard bites you but does no damage.
The rat bites you but does no damage. The shadow imp gestures at you.
You are unaffected.
Natasha mumbles some strange words.
You hit the shadow imp but do no damage.
The shadow imp is moderately wounded.
The rat bites you but does no damage. The frilled lizard closely misses you.
The shadow imp hits you but does no damage.
Natasha barely misses you.
You hit the shadow imp.
The shadow imp is moderately wounded.
The rat closely misses you. The frilled lizard barely misses you.
The shadow imp hits you but does no damage.
Natasha claws you. The crimson imp barely misses you.
The rat twitches its whiskers.
You block the rat's attack. The frilled lizard closely misses you.
You closely miss the shadow imp.
The shadow imp is moderately wounded.
The shadow imp barely misses you. Natasha claws you.
* * * LOW HITPOINT WARNING * * *
The crimson imp barely misses you. The rat bites you.
* * * LOW HITPOINT WARNING * * *
You block the frilled lizard's attack.
The shadow imp hits you but does no damage.
Natasha claws you.
You die...

#.! #### #.# ...# #.#
##.# #.# #.#
###.#########
#.########...........#
#...................#
##########.#.#55h#.###
#.#.##@r....#
#..#.##l...... ...##.
g..<... ## #..#
##.....). .## #.#.
.....?. ..# #.##
....... .## )...... .#
.<....? .#


You could see Natasha, a crimson imp (summoned), a shadow imp (summoned), a
hobgoblin, a frilled lizard and a rat.

Vanquished Creatures
  2 dart slugs (D:1)
  A bat (D:2)
  An endoplasm (D:1)
  A goblin (D:1)
  4 hobgoblins
  A kobold (D:1)
  A quokka (D:1)
  2 ball pythons
  3 frilled lizards (D:1)
16 creatures vanquished.

Notes
Turn   | Place    | Note
-------+----------+-------------------------------------------
     0 | D:1      | Dittersdorf the Gargoyle Fighter began the quest for the
                  | Orb.
     0 | D:1      | Reached XP level 1. HP: 14/14 MP: 1/1
   351 | D:1      | Reached XP level 2. HP: 17/19 MP: 2/2
  1025 | D:2      | Found Fiagruf's Book Shop.
  1082 | D:2      | Noticed Natasha
  1087 | D:2      | Noticed a crimson imp
  1096 | D:2      | Noticed a crimson imp
  1098 | D:2      | Slain by Natasha

Illustrated notes

Levels and vault maps discovered:
D:1:      nicolae_arrival_somewhat_less_tricky_arrival, layout_loops_corners,
          chequers_hall_statues_y, minmay_heptomino_o4
D:2:      layout_loops_ring, serial_shops, nicolae_shop_hallway_stairs,
          uniq_natasha

Action                     || total
---------------------------++-------
  Melee: Flail             ||    58
 Armour: Chain mail        ||    49
         Scale mail        ||     1
  Dodge: Dodged            ||    39
  Block: Buckler           ||    16

Table legend: (Time is in decaauts)
 A = Elapsed time spent in this place.
 B = Non-inter-level travel time spent in this place.
 C = Inter-level travel time spent in this place.
 D = Time resting spent in this place.
 E = Time spent auto-exploring this place.
 F = Levels seen in this place.
 G = Mean time per level.
                   A        B        C        D        E       F      G
               +--------+--------+--------+--------+--------+-----+--------+
         Total |   1116 |   1106 |     10 |      0 |    953 |   2 |  558.0 |
       Dungeon |   1116 |   1106 |     10 |      0 |    953 |   2 |  558.0 |
               +--------+--------+--------+--------+--------+-----+--------+

Top non-repeatable levels by time:
     D:1: 1007 daAuts
     D:2: 109 daAuts
